AoeStats
← Sr_X

Arabia

507371253Analyzed
1v1 RM · 15d ago on Sep 17, 2026· 30m 26s· 2 players
Game mode
Random Map
Map size
Tiny (2 player)
Population
200
Speed
Normal
Resources
Standard
Victory
Conquest
Starting age
Dark Age
Ending age
Imperial Age
RankedLock teamsTeams togetherTeam positionsShared explorationLock speedFull tech treeHidden civsTurbo modeCheats
Victory
Defeat
🇨🇱 Japanese · Chile
662
+14
🇨🇴 Vietnamese · Colombia
628
-14
Darkenred
8:08 Loom
9:58 Feudal Age
11:31 Horse Collar
11:38 Double-Bit Axe
27:25 Scale Mail Armor
30:57 Castle Age
Sr_X
8:18 Loom
11:51 Feudal Age
12:06 Man-at-Arms
13:35 Double-Bit Axe
27:36 Castle Age
26:06 Forging
27:16 Gold Mining
27:33 Fletching
29:11 Bodkin Arrow
Connection lost

Rejoining the realm…

Still unreachable

The connection could not be restored.

Session expired

The server has moved on; the page needs a fresh start.